 Dungeon Crawl Stone Soup version 0.30-a0-6-g7c9e10e132 (webtiles) character file.

Game seed: 7010340576409463590

254 NinjaNoafa the Shooter (level 6, 0/38 HPs)
             Began as a Kobold Arcane Marksman on Aug 22, 2022.
             Was an Initiate of Vehumet.
             Engulfed by a cloud of flame (27 damage)
             ... on level 3 of the Dungeon.
             The game lasted 00:12:44 (2903 turns).

NinjaNoafa the Shooter (Kobold Arcane Marksman)     Turns: 2903, Time: 00:12:45

Health: 0/38       AC:  4    Str:  7    XL:     6   Next: 38%
Magic:  12/14      EV: 17    Int: 14    God:    Vehumet [......]
Gold:   115        SH:  0    Dex: 18    Spells: 12/16 levels left

rFire   . . .      SeeInvis .    a - +1 sling
rCold   . . .      Faith    .    (no shield)
rNeg    . . .      Spirit   .    c - +0 robe
rPois   .          Reflect  .    (no helmet)
rElec   .          Harm     .    (no cloak)
rCorr   .          Rampage  .    d - +0 pair of gloves
Will    .....                    q - +0 pair of boots
Stlth   +++++.....               (no amulet)
HPRegen 0.12/turn                (no ring)
MPRegen 0.14/turn                (no ring)

@: no status effects
A: small, no large weapons, nightstalker 3
a: Renounce Religion


You were on level 3 of the Dungeon.
You worshipped Vehumet.
Vehumet was noncommittal.
You visited 1 branch of the dungeon, and saw 3 of its levels.

You collected 115 gold pieces.

Inventory:

Hand Weapons
 a - a +1 sling (weapon)
 g - a +1 dagger of venom
 p - a +3 dagger
Missiles
 f - 15 stones
 o - 2 poisoned darts
Armour
 c - a +0 robe (worn)
 d - a +0 pair of gloves (worn)
 q - a +0 pair of boots (worn)
Scrolls
 b - a scroll of poison
 i - a scroll of magic mapping {unknown}
 j - 2 scrolls of silence
 l - a scroll of blinking {unknown}
 m - a scroll of enchant armour {unknown}
 n - a scroll of summoning {unknown}
 t - 2 scrolls of teleportation {unknown}
 u - a scroll of enchant weapon {unknown}
 v - a scroll of fog {unknown}
 w - 3 scrolls of identify
Potions
 e - 2 potions of curing
 h - a potion of experience
 k - a potion of attraction
 r - a potion of flight {unknown}
 s - 2 potions of lignification {unknown}


   Skills:
 - Level 4.0 Fighting
 - Level 7.7 Ranged Weapons
 - Level 4.8 Dodging
 - Level 7.1 Stealth
 - Level 5.5 Spellcasting
 - Level 6.5 Hexes
 + Level 4.3 Fire Magic


You had 12 spell levels left.
You knew the following spells:

 Your Spells              Type           Power      Damage    Failure   Level
a - Slow                  Hex            88%        N/A       1%          1
b - Inner Flame           Hex/Fire       19%        N/A       5%          3

Your spell library contained the following spells:

 Spells                   Type           Power      Damage    Failure   Level
 Cause Fear               Hex            11%        N/A       12%         4
 Portal Projectile        Hex/Tloc       24%        N/A       13%         3
 Ozocubu's Armour         Ice            3%         N/A       45%         3
 Ozocubu's Refrigeration  Ice            1%         4d7       100%        7
 Discord                  Hex            11%        N/A       100%        8


Dungeon Overview and Level Annotations

Branches:
Dungeon (3/15)

Altars:
Vehumet


Innate Abilities, Weirdness & Mutations

You are small and have problems with some larger weapons.
You are completely attuned to the shadows.


Message History

The bat completely misses you.
Casting: Inner Flame (dangerous; 5% risk of failure)
Confirm with . or Enter, or press ? or * to list all spells.
Aiming: Slow (safe; 1% risk of failure)
Press: ? - help, Shift-Dir - straight line, f/p - bat
Aim: a bat (inner flame, chance to affect: 78%)
The bat barely resists.
The bat misses you.
Really attack while wielding your +1 sling? [Y]es or [N]o only, please.
Really attack while wielding your +1 sling? [Y]es or [N]o only, please.
Really attack while wielding your +1 sling? [Y]es or [N]o only, please.
Really attack while wielding your +1 sling?
Okay, then.
Casting: Slow (safe; 1% risk of failure)
Confirm with . or Enter, or press ? or * to list all spells.
Aiming: Slow (safe; 1% risk of failure)
Press: ? - help, Shift-Dir - straight line, f/p - bat
Aim: a bat (inner flame, chance to affect: 78%)
The bat seems to slow down.
The bat completely misses you. The bat barely misses you.
You see here a +0 scale mail.
You shoot a sling bullet.
The sling bullet closely misses the bat.
The bat hits you but does no damage.
You shoot a sling bullet. The sling bullet barely misses the bat.
The bat barely misses you. The bat closely misses you.
The bat attacks as you move away! The bat hits you.
Found a stone staircase leading down.
The bat completely misses you.
A hobgoblin comes into view.
Found a flail.
A giant cockroach comes into view.
You shoot a sling bullet. The sling bullet hits the bat.
Vehumet accepts your kill.
The bat explodes!
The fiery explosion engulfs you!
You are engulfed in blazing flames.
Ouch! That really hurt!
You die...

##.####
#....[....#
##.#
#####.#####
##.. #.###
##< #...#
####.####
.........
.....§...
...§§....
...§@§...
.........
......B..
...g....)
.........


You could see a giant cockroach and a hobgoblin (asleep).

Vanquished Creatures
  5 adders
  3 worms
  2 dart slugs
  6 ball pythons
  4 endoplasms
  6 giant cockroaches (D:2)
  7 hobgoblins
  4 jackals (D:2)
  5 kobolds
  2 quokkas (D:2)
  8 bats
  2 frilled lizards
  10 goblins
  11 rats
75 creatures vanquished.

Notes
Turn   | Place    | Note
-------+----------+-------------------------------------------
     0 | D:1      | NinjaNoafa the Kobold Arcane Marksman began the quest for
                  | the Orb.
     0 | D:1      | Reached XP level 1. HP: 12/12 MP: 2/2
   283 | D:1      | Reached XP level 2. HP: 16/16 MP: 3/3
   835 | D:1      | Reached XP level 3. HP: 20/20 MP: 4/4
   964 | D:1      | Found a faded altar of an unknown god.
  1506 | D:2      | Reached XP level 4. HP: 25/25 MP: 5/5
  1960 | D:2      | Reached skill level 1 in Fire Magic
  2034 | D:2      | Reached XP level 5. HP: 29/29 MP: 8/8
  2493 | D:3      | Found a radiant altar of Vehumet.
  2500 | D:3      | Became a worshipper of Vehumet
  2593 | D:3      | Reached skill level 5 in Spellcasting
  2593 | D:3      | Reached XP level 6. HP: 38/38 MP: 8/14
  2600 | D:3      | Learned a level 3 spell: Inner Flame
  2903 | D:3      | Engulfed by a cloud of flame

Illustrated notes

Levels and vault maps discovered:
D:1:      tarquinn_simple_flora_water_b, layout_loops_ring,
          ebering_ecumenical_altar_rust, roderic_roman_lattice, chequers_avenue
D:2:      layout_basic, minmay_tetromino_o4
D:3:      layout_rooms, nicolae_vehumet_radiance, grunt_temple_overflow_open,
          hangedman_abyss_or_decor_lesser_grid

Skill      XL: |  1  2  3  4  5 |
---------------+----------------+-----
Ranged Weapons | 3 4 7 |  7.7
Hexes          | 4 6 |  6.5
Spellcasting   | 2 5 |  5.5
Fire Magic     | 1 4 |  4.3
Fighting       | 4 |  4.0
Dodging        | 4 |  4.8
Stealth        | 7 |  7.1

Action                   |  1- 3 |  4- 6 || total
-------------------------+-------+-------++-------
Melee: Short sword       |     2 |     6 ||     8
       Dagger            |       |    19 ||    19
 Fire: Sling             |    89 |    96 ||   185
 Cast: Slow              |    12 |     2 ||    14
       Inner Flame       |       |     1 ||     1
  Use: Scroll            |       |     4 ||     4
       Potion            |       |     1 ||     1
Armor: Robe              |     9 |    21 ||    30
Dodge: Dodged            |    44 |    75 ||   119

Table legend: (Time is in decaauts)
 A = Elapsed time spent in this place.
 B = Non-inter-level travel time spent in this place.
 C = Inter-level travel time spent in this place.
 D = Time resting spent in this place.
 E = Time spent auto-exploring this place.
 F = Levels seen in this place.
 G = Mean time per level.
                   A        B        C        D        E       F      G
               +--------+--------+--------+--------+--------+-----+--------+
         Total |   2935 |   2906 |     29 |      0 |   2370 |   3 |  978.3 |
       Dungeon |   2935 |   2906 |     29 |      0 |   2370 |   3 |  978.3 |
               +--------+--------+--------+--------+--------+-----+--------+

Top non-repeatable levels by time:
     D:1: 1242 daAuts
     D:2: 1189 daAuts
     D:3: 504 daAuts
